 Dungeon Crawl Stone Soup version 0.19.5 (webtiles) character file.

368 Peloso the Shield-Bearer (level 6, -6/56 HPs)
             Began as a Minotaur Fighter on Apr 17, 2017.
             Mangled by letownia's ghost (17 damage)
             ... on level 4 of the Dungeon.
             The game lasted 00:06:16 (2236 turns).

Peloso the Shield-Bearer (Minotaur Fighter)         Turns: 2236, Time: 00:06:16

Health: -6/56      AC:  7    Str: 21    XL:     6   Next: 41%
Magic:  5/5        EV:  8    Int:  5    God:
Gold:   162        SH: 10    Dex: 11    Spells: 0 memorised, 5 levels left

rFire  . . .     SeeInvis .     a - +0 long sword
rCold  . . .     Gourm    .     b - +0 scale mail
rNeg   + . .     Faith    .     c - +0 shield
rPois  .         Spirit   .     (helmet restricted)
rElec  .         Reflect  .     (no cloak)
rCorr  .         Harm     .     (no gloves)
MR     +....                    (no boots)
Stlth  ..........               (no amulet)
                                y - ring of protection from magic
                                j - ring of positive energy

@: no status effects
A: retaliatory headbutt, horns 2
a: no special abilities


You were on level 4 of the Dungeon.
You were hungry.

You visited 1 branch of the dungeon, and saw 4 of its levels.

You collected 162 gold pieces.

Inventory:

Hand Weapons
 a - a +0 long sword (weapon)
 u - a cursed -3 whip
Armour
 b - a +0 scale mail (worn)
 c - a +0 shield (worn)
Jewellery
 j - a ring of positive energy (left hand)
 y - a ring of protection from magic (right hand)
 B - an uncursed ring of stealth
Wands
 x - a wand of flame (20/48)
Scrolls
 e - 3 scrolls of magic mapping {unknown}
 h - 6 scrolls of identify {unknown}
 k - 2 scrolls of remove curse {unknown}
 m - a scroll of fog {unknown}
 o - 3 scrolls of blinking {unknown}
 p - 2 scrolls of immolation {unknown}
 q - a scroll of random uselessness {unknown}
 t - a scroll of fear {unknown}
 w - 2 scrolls of teleportation {unknown}
Potions
 g - a potion of agility {unknown}
 i - 3 potions of curing {unknown}
 n - a potion of flight {unknown}
 r - 2 potions of degeneration {unknown}
 v - a potion of brilliance {unknown}
 A - a potion of mutation {unknown}
Comestibles
 f - 4 bread rations
 l - a royal jelly
 s - a beef jerky
 z - 2 meat rations


   Skills:
 + Level 5.0 Fighting
 + Level 5.1 Long Blades
 + Level 5.0 Armour
 + Level 1.4 Dodging
 + Level 0.1 Stealth
 + Level 5.1 Shields


You had 5 spell levels left.
You didn't know any spells.

Dungeon Overview and Level Annotations

Branches:
Dungeon (4/15)             Temple (0/1) D:4

Altars:

Annotations:
D:4 letownia's ghost, amateur MiHu


Innate Abilities, Weirdness & Mutations

You reflexively headbutt those who attack you in melee.
You have a pair of horns on your head.


Message History

You block letownia's ghost's attack.
You closely miss letownia's ghost. Your headbutt misses letownia's ghost.
Letownia's ghost is moderately damaged.
You feel sick. You block letownia's ghost's attack.
You hit letownia's ghost.
Letownia's ghost is moderately damaged.
You feel sick. Letownia's ghost hits you!
* * * LOW HITPOINT WARNING * * *
You feel sick.
You feel sick.
There is a fountain of clear blue water here.
You feel sick.
You feel sick. You block letownia's ghost's attack.
You feel sick.
There is an open door here.
You feel sick.
You feel sick.
You are no longer poisoned.
You open the door. Letownia's ghost hits you!
You die...

###........+
...........#####.#.##
##....####.##....... #..).#
.##......# #....# # ......# #
##.<..# ...... ####.# ......#
#.....######....# ###...#
#'#........## '.#...#####
#@###.......###+## #.#.>.#...#
#W# #.............
#.#...#...######.###.......##.W..
..####....'........'.......##....
######....######.###.......######
.....#...........# #.......#
####.#.....####### #.......## #
#.#.###.#..# #........# #
#.#...#....# ###+##...#


You could see letownia's ghost.

Vanquished Creatures
  Sigmund (D:4)
  A hound (D:4)
  2 worker ants (D:4)
  Robin (D:4)
  2 adders
  An ooze (D:1)
  3 worms
  A dart slug (D:1)
  2 orcs (D:3)
  A ball python (D:2)
  5 giant cockroaches
  18 goblins
  10 hobgoblins
  6 jackals
  11 bats
  3 frilled lizards (D:2)
  7 kobolds
  A leopard gecko skeleton (D:4)
  9 rats
85 creatures vanquished.

Notes
Turn   | Place    | Note
-------+----------+-------------------------------------------
     0 | D:1      | Peloso the Minotaur Fighter began the quest for the Orb.
     0 | D:1      | Reached XP level 1. HP: 19/19 MP: 0/0
   168 | D:1      | Reached XP level 2. HP: 26/27 MP: 1/1
   717 | D:2      | Reached XP level 3. HP: 31/33 MP: 2/2
   903 | D:2      | Found a faded altar of an unknown god.
  1248 | D:3      | Reached XP level 4. HP: 40/40 MP: 3/3
  1942 | D:4      | Noticed Sigmund
  1947 | D:4      | Killed Sigmund
  1947 | D:4      | Reached skill level 1 in Dodging
  1947 | D:4      | Reached skill level 5 in Shields
  1947 | D:4      | Reached XP level 5. HP: 47/47 MP: 4/4
  1947 | D:4      | Reached XP level 6. HP: 55/55 MP: 5/5
  1962 | D:4      | Noticed Robin
  1969 | D:4      | Killed Robin
  2128 | D:4      | Found a staircase to the Ecumenical Temple.
  2165 | D:4      | Noticed letownia's ghost (amateur MiHu)
  2204 | D:4      | Reached skill level 5 in Long Blades
  2208 | D:4      | Reached skill level 5 in Fighting
  2208 | D:4      | Reached skill level 5 in Armour
  2236 | D:4      | Mangled by letownia's ghost

Skill      XL: |  1  2  3  4  5  6 |
---------------+-------------------+-----
Shields        | 4 5 |  5.1
Fighting       | 4 5 |  5.0
Armour         | 4 5 |  5.0
Long Blades    | 3 4 5 |  5.1
Dodging        | 1 |  1.4
Stealth        | |  0.1

Action                   |  1- 3 |  4- 6 || total
-------------------------+-------+-------++-------
Melee: Long sword        |   119 |    82 ||   201
       Headbutt          |    14 |    13 ||    27
  Use: Potion            |       |     1 ||     1
  Eat: Chunk             |     1 |     3 ||     4
Armor: Scale mail        |    60 |    38 ||    98
Dodge: Dodged            |    41 |    32 ||    73
Block: Shield            |    75 |    52 ||   127
       Rpst.: Long sword |    16 |    11 ||    27
